 Dungeon Crawl Stone Soup version 0.30-a0-779-g7971cf19c3 (webtiles) character file.

Game seed: 13437174247955094556

62 Dittersdorf the Shield-Bearer (level 4, -1/29 HPs)
             Began as a Gargoyle Fighter on Feb 17, 2023.
             Slain by an orc wizard
             ... wielding a +0 halberd
              (6 damage)
             ... on level 3 of the Dungeon.
             The game lasted 00:01:28 (1380 turns).

Dittersdorf the Shield-Bearer (Gargoyle Fighter)    Turns: 1380, Time: 00:01:28

Health: -1/29      AC: 10    Str: 21    XL:     4   Next: 8%
Magic:  4/4        EV: 14    Int:  9    God:
Gold:   86         SH:  4    Dex:  9    Spells: 3/3 levels left

rFire   . . .      SeeInvis .    a - +0 flail
rCold   . . .      Faith    .    c - +0 buckler
rNeg    + . .      Spirit   .    b - +0 scale mail
rPois   ∞          Reflect  .    (no helmet)
rElec   +          Harm     .    (no cloak)
rCorr   .          Rampage  .    (no gloves)
Will    .....                    (no boots) Stlth
                                 j - amulet of magic regeneration
HPRegen 0.24/turn                k - +5 ring of evasion
MPRegen 0.49/turn                (no ring)

@: no status effects
A: sickness immunity, AC +3, negative energy resistance 1, electricity
resistance, torment resistance 1, petrification resistance
a: no special abilities


You were on level 3 of the Dungeon.
You visited 1 branch of the dungeon, and saw 3 of its levels.

You collected 86 gold pieces.

Inventory:

Hand Weapons
 a - a +0 flail (weapon)
Armour
 b - a +0 scale mail (worn)
 c - a +0 buckler (worn)
Jewellery
 j - an amulet of magic regeneration (around neck)
 k - a +5 ring of evasion (left hand)
Scrolls
 f - 6 scrolls of identify {unknown}
 g - 2 scrolls of teleportation {unknown}
 h - a scroll of noise {unknown}
 o - a scroll of amnesia {unknown}
 r - a scroll of magic mapping {unknown}
 s - a scroll of brand weapon {unknown}
Potions
 d - a potion of might
 e - 6 potions of curing {unknown}
 i - a potion of flight {unknown}
 l - a potion of brilliance {unknown}
 m - a potion of mutation {unknown}
 n - 2 potions of invisibility {unknown}
 p - 2 potions of cancellation {unknown}
 q - a potion of ambrosia {unknown}


   Skills:
 + Level 3.8 Fighting
 + Level 2.6 Maces & Flails
 + Level 3.9 Armour
 + Level 3.9 Shields


You had 3 spell levels left.
You didn't know any spells.
Your spell library contained the following spells:

 Spells                   Type           Power      Damage    Failure   Level
 Blink                    Tloc           0%         N/A       91%         2
 Manifold Assault         Tloc           0%         N/A       100%        4
 Storm Form               Tmut/Air       0%         N/A       100%        7


Dungeon Overview and Level Annotations

Branches:
Dungeon (3/15)

Altars:

Annotations:
D:3 3 runed translucent doors


Innate Abilities, Weirdness & Mutations

You are immune to sickness and miasma.
Your stone body is resilient. (AC +3)
You are immune to poison.
You resist negative energy. (rN+)
You are resistant to electric shocks. (rElec)
You are resistant to unholy torment.
You are immune to petrification.


Message History

The orc wizard gestures wildly while chanting.
The orc wizard flickers and vanishes!
Deactivating autopickup; reactivate with Ctrl-A.
The orc wizard casts a spell at you. You resist with some effort.
You sock the orc wizard!
The orc wizard is heavily wounded.
The orc wizard points at you and mumbles some strange words.
The magic dart hits you.
You thump the orc wizard!
The orc wizard is almost dead.
The orc wizard points at you and mumbles some strange words.
The magic dart hits you!
* * * LOW HITPOINT WARNING * * *
Something hits you but does no damage.
You are too injured to fight recklessly!
You are too injured to fight recklessly!
You are too injured to fight recklessly!
You are too injured to fight recklessly!
You are too injured to fight recklessly!
You are too injured to fight recklessly!
You are too injured to fight recklessly!
You are too injured to fight recklessly!
You are too injured to fight recklessly!
You are too injured to fight recklessly!
You are too injured to fight recklessly!
You are too injured to fight recklessly!
You are too injured to fight recklessly!
You are too injured to fight recklessly!
You are too injured to fight recklessly!
You are too injured to fight recklessly!
You are too injured to fight recklessly!
You are too injured to fight recklessly!
You are too injured to fight recklessly!
You are too injured to fight recklessly!
You are too injured to fight recklessly!
You hit the orc wizard.
You kill the orc wizard!
Something hits you but does no damage. Something hits you.
You die...

# .. ... .#
.... .# .....
.# ######.....)
.# #..)@o.>....
.# #.####.####.
.## ####.# #
..########....#
.....#.....####
.###.#.##### ##
#.#.# #...#
###.#


You could see an orc.

Vanquished Creatures
  An orc wizard (D:3)
  A dart slug (D:3)
  5 orcs
  6 endoplasms
  A giant cockroach (D:1)
  6 goblins
  4 hobgoblins
  3 jackals (D:2)
  3 kobolds
  2 quokkas (D:1)
  6 ball pythons
  3 bats
  4 frilled lizards
  5 rats
50 creatures vanquished.

Notes
Turn   | Place    | Note
-------+----------+-------------------------------------------
     0 | D:1      | Dittersdorf the Gargoyle Fighter began the quest for the
                  | Orb.
     0 | D:1      | Reached XP level 1. HP: 14/14 MP: 1/1
   115 | D:1      | Reached XP level 2. HP: 15/19 MP: 2/2
   394 | D:1      | Found a faded altar of an unknown god.
   604 | D:2      | Reached XP level 3. HP: 23/23 MP: 3/3
  1317 | D:3      | Reached XP level 4. HP: 29/29 MP: 4/4
  1326 | D:3      | Found a runed translucent gate.
  1330 | D:3      | Found a runed translucent gate.
  1330 | D:3      | Found a runed translucent gate.
  1380 | D:3      | Slain by an orc wizard

Illustrated notes

Levels and vault maps discovered:
D:1:      erik_arrival_triangle_small, layout_rooms,
          ebering_ecumenical_altar_box, chequers_hall_statues_y,
          minmay_misc_feat_rows
D:2:      layout_loops_ring
D:3:      layout_rooms, ebering_ghost_gozag

Action                     |  1- 3 |  4- 6 || total
---------------------------+-------+-------++-------
  Melee: Flail             |   126 |    12 ||   138
 Armour: Scale mail        |    48 |     4 ||    52
  Dodge: Dodged            |    80 |     4 ||    84
  Block: Buckler           |    25 |     1 ||    26

Table legend: (Time is in decaauts)
 A = Elapsed time spent in this place.
 B = Non-inter-level travel time spent in this place.
 C = Inter-level travel time spent in this place.
 D = Time resting spent in this place.
 E = Time spent auto-exploring this place.
 F = Levels seen in this place.
 G = Mean time per level.
                   A        B        C        D        E       F      G
               +--------+--------+--------+--------+--------+-----+--------+
         Total |   1423 |   1400 |     23 |     24 |   1049 |   3 |  474.3 |
       Dungeon |   1423 |   1400 |     23 |     24 |   1049 |   3 |  474.3 |
               +--------+--------+--------+--------+--------+-----+--------+

Top non-repeatable levels by time:
     D:2: 667 daAuts
     D:1: 567 daAuts
     D:3: 187 daAuts
